 Dungeon Crawl Stone Soup version 0.26.1-2-gb8aa6d0cf2 (webtiles) character file.

Game seed: 14762827274591508149

1217 Gnirx the Digger (level 8, -3/51 HPs)
             Began as a Gargoyle Earth Elementalist on Feb 14, 2021.
             Was an Initiate of Vehumet.
             Slain by a wyvern zombie (4 damage)
             ... on level 7 of the Dungeon.
             The game lasted 00:12:05 (7973 turns).

Gnirx the Digger (Gargoyle Earth Elementalist)      Turns: 7973, Time: 00:12:06

Health: -3/51      AC: 13    Str: 18    XL:     8   Next: 46%
Magic:  12/16      EV: 12    Int: 18    God:    Vehumet [......]
Gold:   382        SH:  0    Dex: 10    Spells: 12/18 levels left

rFire    . . .     SeeInvis .   w - +0 flail
rCold    + . .     Faith    .   (no shield)
rNeg     + . .     Spirit   .   p - +2 robe {rC+}
rPois    ∞         Reflect  .   h - +1 helmet
rElec    +         Harm     .   (no cloak)
rCorr    .         Rampage  .   m - +0 pair of gloves
Will     .....                  E - +0 pair of boots
Stlth    ++........             (no amulet)
HPRegen  0.17/turn              d - ring of wizardry
MPRegen  0.15/turn              j - +6 ring of strength

@: very slightly contaminated
A: negative energy resistance 1, electricity resistance, unbreathing,
petrification resistance, miasma immunity, AC +5
a: Renounce Religion


You were on level 7 of the Dungeon.
You worshipped Vehumet.
Vehumet was noncommittal.
You visited 2 branches of the dungeon, and saw 8 of its levels.

You collected 382 gold pieces.

Inventory:

Hand Weapons
 f - a +0 whip
 u - a +0 mace
 w - a +0 flail (weapon)
Missiles
 b - 124 stones
 r - 60 arrows
Armour
 c - a +0 robe
 h - a +1 helmet (worn)
 m - a +0 pair of gloves (worn)
 p - a +2 robe of cold resistance (worn)
 q - a +0 tower shield
 E - a +0 pair of boots (worn)
Jewellery
 d - a ring of wizardry (left hand)
 j - a +6 ring of strength (right hand)
 n - an uncursed ring of willpower
 o - an uncursed ring of stealth
 s - a +6 ring of dexterity
 y - an uncursed ring of positive energy
Wands
 k - a wand of polymorph (10)
 v - a wand of iceblast (6)
 z - a wand of flame (13)
 B - a wand of acid (5)
Scrolls
 a - a scroll of immolation
 g - 2 scrolls of fog
 i - 2 scrolls of remove curse
 t - 2 scrolls of teleportation
 x - a scroll of identify
 F - a scroll of enchant armour
Potions
 e - a potion of mutation
 l - 2 potions of curing
 A - a potion of might
 C - 2 potions of magic
 D - a potion of heal wounds


   Skills:
 + Level 6.1 Fighting
 - Level 1.5 Dodging
 - Level 2.1 Stealth
 + Level 5.5 Spellcasting
 - Level 0.7 Transmutations
 + Level 7.7 Earth Magic


You had 12 spell levels left.
You knew the following spells:

 Your Spells              Type           Power        Failure   Level
a - Sandblast             Erth           64%          1%          1
b - Passwall              Tmut/Erth      16%          1%          2
c - Stone Arrow           Conj/Erth      36%          3%          3

Your spell library contained the following spells:

 Spells                   Type           Power        Failure   Level
 Corona                   Hex            4%           5%          1
 Lee's Rapid Deconstruct  Erth           16%          6%          5
 Slow                     Hex            4%           8%          2
 Petrify                  Tmut/Erth      20%          9%          4
 Leda's Liquefaction      Hex/Erth       9%           11%         4
 Inner Flame              Hex/Fire       4%           16%         3
 Portal Projectile        Hex/Tloc       8%           16%         3
 Cause Fear               Hex            2%           43%         4


Dungeon Overview and Level Annotations

Branches:
Dungeon (7/15)             Temple (1/1) D:6

Altars:
Ashenzari
Cheibriados
Dithmenos
Elyvilon
Fedhas
Gozag
Hepliaklqana
Kikubaaqudgha
Makhleb
Nemelex Xobeh
Okawaru
Qazlal
Ru
Trog
Uskayaw
Vehumet
Wu Jian
Xom
Yredelemnul
Zin
The Shining One

Shops:
D:6 *


Innate Abilities, Weirdness & Mutations

You are resistant to torment.
Your stone body is resilient. (AC +5)
You are immune to poison.
You resist negative energy. (rN+)
You are resistant to electric shocks. (rElec)
You can survive without breathing.
You are immune to petrification.
You are immune to miasma.


Message History

You are very lightly contaminated with residual magic.
Nothing appears to happen.
The wyvern zombie bites you! The wyvern zombie barely misses you.
Aiming: Sandblast (safe; 1% risk of failure)
Press: ? - help, Q - select action, (/) - cycle Shift-Dir - straight line, f/p - wyvern zombie
Aim: a wyvern zombie (lightly damaged, 6% to evade)
The blast of sand hits the wyvern zombie!
The wyvern zombie is heavily damaged.
The wyvern zombie closely misses you.
Aiming: Sandblast (safe; 1% risk of failure)
Press: ? - help, Q - select action, (/) - cycle Shift-Dir - straight line, f/p - wyvern zombie
Aim: a wyvern zombie (heavily damaged, 6% to evade)
The blast of sand hits the wyvern zombie!
The wyvern zombie is severely damaged.
The wyvern zombie bites you!
* * * LOW HITPOINT WARNING * * *
The wyvern zombie bites you!
* * * LOW HITPOINT WARNING * * *
The wyvern zombie bites you.
You die...

#. #.# #. #.# #.## # #.#
..# .###.# #.# # ....#
####.######### ##..#
#..........##.
.####..Z####.##.#####.#.#
........@....##.# #..##
###.....#.#####.# #.#.#
#.......... #.# #....
.............##.# #####
.#...........##.# #
##...<.#.#.##... #
##...##.#.# ... # ....
....# ... #


You could see a wyvern zombie.

Vanquished Creatures
  3 ice beasts
  A black bear (D:5)
  An ogre (D:5)
  A bullfrog (D:2)
  A howler monkey (D:6)
  A centaur zombie (D:6)
  A jelly (D:6)
  4 hounds
  2 orc priests (D:4)
  A bullfrog skeleton (D:4)
  An iguana (D:6)
  5 orc wizards (D:6)
  A worker ant (D:2)
  A killer bee zombie (D:5)
  A howler monkey zombie (D:6)
  4 gnolls (D:3)
  5 adders
  A shadow imp (D:7)
  A white imp (D:6)
  3 oozes
  An adder skeleton (D:3)
  3 worms
  2 dart slugs (D:1)
  2 leopard geckos
  15 orcs
  2 bats (D:1)
  4 giant cockroaches
  5 goblins
  6 hobgoblins
  7 kobolds
  A quokka (D:3)
  3 frilled lizards
  5 rats
95 creatures vanquished.

Notes
Turn   | Place    | Note
-------+----------+-------------------------------------------
     0 | D:1      | Gnirx the Gargoyle Earth Elementalist began the quest for
                  | the Orb.
     0 | D:1      | Reached XP level 1. HP: 10/10 MP: 3/3
   323 | D:1      | Reached XP level 2. HP: 13/16 MP: 5/5
   384 | D:1      | Reached skill level 1 in Fighting
   614 | D:1      | Reached skill level 4 in Earth Magic
  1143 | D:2      | Reached XP level 3. HP: 8/20 MP: 6/6
  1349 | D:2      | Noticed a bullfrog
  1364 | D:2      | Killed a bullfrog
  1365 | D:2      | Reached XP level 4. HP: 8/26 MP: 5/8
  2410 | D:2      | Reached XP level 5. HP: 27/31 MP: 9/9
  2848 | D:3      | Reached skill level 5 in Earth Magic
  3876 | D:4      | Reached XP level 6. HP: 29/37 MP: 11/11
  4359 | D:4      | Found a sparkling altar of Nemelex Xobeh.
  4944 | D:5      | Entered Level 5 of the Dungeon
  4999 | D:5      | Reached skill level 6 in Earth Magic
  4999 | D:5      | Reached XP level 7. HP: 11/43 MP: 8/13
  5972 | D:5      | Learned a level 2 spell: Passwall
  5976 | D:5      | Learned a level 3 spell: Stone Arrow
  6042 | D:6      | Reached skill level 5 in Fighting
  6320 | D:6      | Reached skill level 7 in Earth Magic
  6359 | D:6      | Found a staircase to the Ecumenical Temple.
  6368 | D:6      | Reached XP level 8. HP: 46/49 MP: 15/15
  6370 | Temple   | Entered the Ecumenical Temple
  6518 | Temple   | Became a worshipper of Vehumet
  6605 | D:6      | Reached skill level 5 in Spellcasting
  7535 | D:6      | Found Fuodoqutz's Assorted Antiques.
  7973 | D:7      | HP: 1/51 [wyvern zombie (9)]
  7973 | D:7      | Slain by a wyvern zombie

Illustrated notes

Levels and vault maps discovered:
D:1:      evilmike_arrival_rings, layout_loops_ring
D:2:      layout_basic
D:3:      layout_rooms
D:4:      layout_layer_cave, minivault_5, hangedman_decor_opposing,
          nemelex_diamond_rough_becter
D:5:      black_bear_nest_2, layout_rooms
D:6:      layout_gridville, minmay_temple_entry_arrows,
          cheibrodos_sewer_entry_bend, serial_shops, shop
D:7:      layout_loops_ring, hex_large, kennysheep_nub
Temple:   kilobyte_greek_temple

Skill      XL: |  1  2  3  4  5  6  7  8 |
---------------+-------------------------+-----
Fighting       | 1 2 3 4 5 6 |  6.1
Earth Magic    | 4 5 6 7 |  7.7
Spellcasting   | 3 4 5 |  5.5
Dodging        | |  1.5
Stealth        | |  2.1
Transmutations | |  0.7

Action                   |  1- 3 |  4- 6 |  7- 9 || total
-------------------------+-------+-------+-------++-------
Melee: Whip              |    74 |   186 |       ||   260
       Unarmed           |     4 |       |       ||     4
       Flail             |       |    37 |   120 ||   157
 Cast: Sandblast         |     2 |    22 |    44 ||    68
  Use: Scroll            |     1 |     8 |     7 ||    16
 Stab: Sleeping          |     2 |     1 |     1 ||     4
Armor: Robe              |    33 |    99 |    80 ||   212
Dodge: Dodged            |    46 |   157 |   109 ||   312
